 Dungeon Crawl Stone Soup version 0.20.0-14-g326068f (webtiles) character file.

119 tilp the Firebug (level 5, -1/38 HPs)
             Began as a Hill Orc Fire Elementalist on June 7, 2017.
             Slain by an adder (4 damage)
             ... on level 3 of the Dungeon on June 8, 2017.
             The game lasted 00:09:32 (2937 turns).

tilp the Firebug (Hill Orc Fire Elementalist)       Turns: 2937, Time: 00:09:33

Health: -1/38      AC:  2    Str: 11    XL:     5   Next: 3%
Magic:  2/9        EV: 11    Int: 16    God:
Gold:   36         SH:  3    Dex: 11    Spells: 1/9 levels left

rFire    . . .     SeeInvis .   u - +0 dagger (venom)
rCold    . . .     Gourm    .   o - +0 buckler
rNeg     . . .     Faith    .   a - +0 robe
rPois    .         Spirit   .   (no helmet)
rElec    .         Reflect  .   (no cloak)
rCorr    .         Harm     .   (no gloves)
MR       .....                  (no boots)
Stlth    ++........             (no amulet)
Regen    0.2/turn               (no ring)
MPRegen  0.2/turn               (no ring)

@: lethally poisoned (-1 -> -3), very slightly contaminated, slowed, very slow
A: no striking features
a: no special abilities


You were on level 3 of the Dungeon.
You were not hungry.

You visited 1 branch of the dungeon, and saw 3 of its levels.

You collected 36 gold pieces.

Inventory:

Hand Weapons
 u - a +0 dagger of venom (weapon)
Missiles
 t - 3 tomahawks (quivered)
Armour
 a - a +0 robe (worn)
 o - a +0 buckler (worn)
Jewellery
 q - a +3 ring of dexterity {unknown}
Scrolls
 g - a scroll of remove curse
 i - a scroll of enchant weapon {unknown}
 l - a scroll of teleportation {unknown}
 m - 4 scrolls of identify {unknown}
 r - a scroll of fear {unknown}
Potions
 d - a potion of berserk rage {unknown}
 e - a potion of lignification {unknown}
 f - 3 potions of ambrosia {unknown}
 j - a potion of cancellation {unknown}
 n - a potion of magic {unknown}
 p - a potion of flight {unknown}
 s - a potion of agility {unknown}
Books
 b - a book of Flames

   Spells                             Type                      Level
   a - Flame Tongue                   Conjuration/Fire             1
   b - Throw Flame                    Conjuration/Fire             2
   c - Conjure Flame                  Conjuration/Fire             3
   d - Inner Flame                    Hexes/Fire                   3
   e - Sticky Flame                   Conjuration/Fire             4
   f - Fireball                       Conjuration/Fire             5
Comestibles
 c - 2 bread rations
 h - 5 chunks of flesh


   Skills:
 * Level 0.4 Short Blades
 - Level 1.5 Dodging
 - Level 1.5 Stealth
 * Level 2.8 Spellcasting
 * Level 2.4 Conjurations
 + Level 4.1 Fire Magic


You had one spell level left.
You knew the following spells:

 Your Spells              Type           Power        Failure   Level  Hunger
a - Flame Tongue          Conj/Fire      ##...        9%          1    #......
b - Conjure Flame         Conj/Fire      ##......     24%         3    ###....
c - Sticky Flame          Conj/Fire      ##......     63%         4    #####..


Dungeon Overview and Level Annotations

Branches:
Dungeon (3/15)

Altars:

Annotations:
D:3 Grinder


Message History

You hit Natasha but do no damage.
Natasha is poisoned.
Natasha is heavily wounded.
Natasha stares at you and mumbles some strange words.
You feel yourself slow down. Natasha claws you. Natasha claws you!
* * * LOW HITPOINT WARNING * * *
You kill Natasha!
Natasha growls in agony!
You have reached level 5!
You feel stronger. The adder barely misses you. The adder bites you.
* * * LOW HITPOINT WARNING * * *
You are poisoned.
The adder poisons you!
A kobold comes into view. It is wielding a short sword.
You feel sick. The adder barely misses you. The adder bites you.
You die...

# ######.###..###... .
#####.#......# #..#... ...
....#.#.#########.#.#.....
###.#.#.........)......... #
#.#.#..########.#.#.....
#)#.#..########.#.......#'#.#
#.#.............###.#####.#.# .
###.#....########..##.......#.##.
....#..........K@K.##.......#....
....#...#########S.##.......#...#
....#.())........................
....##....####.##.#.#.#####.....#
...............##.#........).)..#
######.#.......##.##.....####....
##'##..>...#..##.....# ....
##....#.....#.###.>...# #.o.
#...........#. ##....# .#.


You could see an adder and 2 kobolds.

Vanquished Creatures
  Natasha (D:3)
  A gnoll (D:3)
  2 adders (D:2)
  An ooze (D:2)
  2 worms
  2 dart slugs
  2 orcs (D:3)
  5 bats
  A giant cockroach (D:2)
  7 goblins
  9 hobgoblins
  4 jackals (D:3)
  A quokka (D:3)
  3 frilled lizards (D:2)
  5 kobolds
  2 rats
48 creatures vanquished.

Notes
Turn   | Place    | Note
-------+----------+-------------------------------------------
     0 | D:1      | tilp the Hill Orc Fire Elementalist began the quest for the Orb.
     0 | D:1      | Reached XP level 1. HP: 14/14 MP: 3/3
     1 | D:1      | Noticed an electric eel
   381 | D:1      | Reached XP level 2. HP: 20/20 MP: 3/5
  1275 | D:2      | Reached XP level 3. HP: 26/26 MP: 6/6
  1280 | D:2      | Learned a level 3 spell: Conjure Flame
  1775 | D:2      | Reached skill level 4 in Fire Magic
  2060 | D:2      | Reached XP level 4. HP: 31/33 MP: 3/7
  2431 | D:3      | Noticed Grinder
  2506 | D:3      | Learned a level 4 spell: Sticky Flame
  2732 | D:3      | Upgraded the game from 0.20.0-10-g0535bb4 to 0.20.0-14-g326068f
  2915 | D:3      | Noticed Natasha
  2932 | D:3      | Killed Natasha
  2932 | D:3      | Reached XP level 5. HP: 4/38 MP: 1/9
  2937 | D:3      | Slain by an adder

Skill      XL: |  1  2  3  4 |
---------------+-------------+-----
Spellcasting   | 2 |  2.8
Fire Magic     | 4 |  4.1
Conjurations   | 2 |  2.4
Short Blades   | |  0.4
Dodging        | |  1.5
Stealth        | |  1.5

Action                   |  1- 3 |  4- 6 || total
-------------------------+-------+-------++-------
Melee: Unarmed           |     1 |       ||     1
       Club              |    21 |       ||    21
       Dagger            |    29 |    21 ||    50
Throw: Throwing net      |       |     1 ||     1
 Cast: Flame Tongue      |    44 |    33 ||    77
       Conjure Flame     |     1 |     1 ||     2
  Use: Scroll            |     1 |       ||     1
  Eat: Chunk             |     4 |     1 ||     5
       Meat ration       |       |     1 ||     1
Armor: Robe              |    11 |     7 ||    18
Dodge: Dodged            |    50 |    14 ||    64
Block: Buckler           |       |     6 ||     6
